 Dungeon Crawl Stone Soup version 0.22-a0-848-ge9e22a0 (webtiles) character file.

19 Kuinu the Skirmisher (level 2, -10/27 HPs)
             Began as a Minotaur Fighter on July 26, 2018.
             Killed from afar by Robin (16 damage)
             ... with an exploding inner flame
             ... hexed by the player character
             ... on level 2 of the Dungeon.
             The game lasted 00:01:18 (480 turns).

Kuinu the Skirmisher (Minotaur Fighter)              Turns: 480, Time: 00:01:20

Health: -10/27     AC:  9    Str: 25    XL:     2   Next: 55%
Magic:  1/1        EV:  6    Int:  5    God:
Gold:   46         SH:  9    Dex:  9    Spells: 1/1 levels left

rFire    . . .     SeeInvis .   a - +0 long sword
rCold    . . .     Gourm    .   c - +0 shield
rNeg     . . .     Faith    .   h - +0 chain mail
rPois    .         Spirit   .   (helmet restricted)
rElec    .         Reflect  .   (no cloak)
rCorr    .         Harm     .   (no gloves)
MR       .....                  (no boots)
Stlth    ..........             (no amulet)
HPRegen  0.09/turn              (no ring)
MPRegen  0.07/turn              (no ring)

@: mighty
A: retaliatory headbutt, horns 2
a: no special abilities


You were on level 2 of the Dungeon.
You were not hungry.

You visited 1 branch of the dungeon, and saw 2 of its levels.

You collected 46 gold pieces.

Inventory:

Hand Weapons
 a - a +0 long sword (weapon)
Armour
 b - a +0 scale mail
 c - a +0 shield (worn)
 h - a +0 chain mail (worn)
Scrolls
 l - 3 scrolls of fog
Potions
 e - a potion of ambrosia {unknown}
 j - a potion of haste {unknown}
 n - a potion of curing {unknown}
Comestibles
 f - 2 rations
 g - 4 chunks of flesh


   Skills:
 * Level 4.1 Fighting
 * Level 3.0 Long Blades
 + Level 3.8 Armour
 + Level 3.8 Shields


You had one spell level left.
You didn't know any spells.
Your spell library was empty.

Dungeon Overview and Level Annotations

Branches:
Dungeon (2/15)

Altars:


Innate Abilities, Weirdness & Mutations

You reflexively headbutt those who attack you in melee.
You have a pair of horns on your head.


Message History

As you read the scroll labeled IREFOUBL UWNIESCH, it crumbles to dust.
The creatures around you are filled with an inner flame!
It was a scroll of immolation.
Cornered, Robin turns to fight!
Robin throws the goblin at you!
Found a stone staircase leading up.
You see here a granite ring.
You feel very mighty all of a sudden. The goblin hits you with a dagger.
The goblin hits you.
* * * LOW HITPOINT WARNING * * *
You barely miss Robin.
Robin is almost dead.
You block the goblin's attack. The goblin hits you but does no damage.
Robin hits you but does no damage.
You slash Robin!
Robin explodes!
The fiery explosion engulfs the goblin.
You kill the goblin!
The fiery explosion engulfs you!
Ouch! That really hurt!
You die...

,,≈≈*,,,,,,,******** *********
,≈≈≈*,,****,,,,,,,,*** *,,,,,,,,
≈≈≈**,,,,*#*******,,,****,,,,,,,,
≈,*****,,,..,* ***,,,,*,,,,,,,,
,,*** **,,,,.##### ****,,,,,,,,,,
,,*,** ****,,....##** ***,,,,,,,,
,,,,,* ****#.g<,,## *,,,,,,,,
,,**,* #g)##..#***,,,,,,,, ,,,*,*
*#@§.#,,,,*,,,,,,,, ,,,*,**
###....#,,,,,,,,,, ,,,*,,*
*******##..g..********
,,,**,******,,,,,,,,,.).#**
,,,,,,,,,,,,,*****,,,,#.K,*
,,,,,,,,,***** *,*****#,**
,*,,,,,,,*********,******,,*
**,,,,,,,,,,,,,,,,,,,,,,,,,*
,,,,,,,,,********,,*********


You could see 3 goblins.

Vanquished Creatures
  2 dart slugs (D:1)
  5 bats (D:1)
  A giant cockroach (D:1)
  A hobgoblin (D:1)
  2 frilled lizards (D:1)
  2 goblins
  2 rats (D:1)
15 creatures vanquished.

Notes
Turn   | Place    | Note
-------+----------+-------------------------------------------
     0 | D:1      | Kuinu the Minotaur Fighter began the quest for the Orb.
     0 | D:1      | Reached XP level 1. HP: 19/19 MP: 0/0
   129 | D:1      | Reached XP level 2. HP: 24/27 MP: 1/1
   277 | D:1      | Reached skill level 4 in Fighting
   468 | D:2      | Noticed Robin
   480 | D:2      | Killed Robin
   480 | D:2      | Killed from afar by Robin

Vault maps used:
D:1:      giann_bridges
D:2:      cheibrodos_helix_gallery, uniq_robin

Skill      XL: |  1  2 |
---------------+-------+-----
Fighting       | 4 |  4.1
Long Blades    | 3 |  3.0
Armour         | |  3.8
Shields        | |  3.8

Action                   || total
-------------------------++-------
Melee: Long sword        ||    28
       Headbutt          ||     2
  Use: Scroll            ||     4
       Potion            ||     1
Armor: Chain mail        ||    21
       Scale mail        ||     1
Dodge: Dodged            ||     9
Block: Shield            ||    16
       Rpst.: Long sword ||     4

Table legend:
 A = Spawn XP
 B = Non-spawn XP
 C = Spawn XP percentage of total XP
 D = Spawn monster count
 E = Non-spawn monster count
 F = Spawn count percentage of total count
 G = Total turns spent on level
                    A         B        C        D         E        F      G
               +---------+---------+-------+---------+---------+-------+---------
         Total |       0 |      28 |   0.0 |       0 |      15 |   0.0 |   480
               +---------+---------+-------+---------+---------+-------+---------
           D:1 |       0 |      26 |   0.0 |       0 |      14 |   0.0 |   468
           D:2 |       0 |       2 |   0.0 |       0 |       1 |   0.0 |    12
               +---------+---------+-------+---------+---------+-------+---------
